 Dungeon Crawl Stone Soup version 0.21.1-1-g345015f (webtiles) character file.

73948 pomescollege the Geomancer (level 15, -2/139 HPs)
             Began as an Octopode Earth Elementalist on Feb 12, 2018.
             Was an Initiate of Gozag.
             Slain by an orc knight
             ... wielding a +4 broad axe of pain
              (5 damage)
             ... on level 14 of the Dungeon on Feb 14, 2018.
             The game lasted 02:48:51 (37658 turns).

pomescollege the Geomancer (OpEE)                  Turns: 37658, Time: 02:48:52

Health: -2/139     AC: 28    Str: 10    XL:     15   Next: 45%
Magic:  24/27      EV: 15    Int: 22    God:    Gozag
Gold:   317        SH:  0    Dex: 10    Spells: 3/31 levels left

rFire    + . .     SeeInvis .     - Unarmed
rCold    + + +     Gourm    .   (no shield)
rNeg     + + +     Faith    .   z - +2 hat
rPois    ∞         Spirit   .   R - amulet of magic regeneration
rElec    +         Reflect  .   D - ring of resist corrosion
rCorr    +         Harm     .   t - ring of protection from magic
MR       ++...                  p - ring "Huurohue" {+Inv rElec rN+++ Str+3 Dex-5}
Stlth    ++++......             K - ring of stealth
HPRegen  0.33/turn              M - ring of poison resistance
MPRegen  0.45/turn              d - ring of protection from cold
                                m - ring of protection from fire
                                (no ring)

@: statue-form, berserk cooldown, slowed, very slow
A: almost no armour, stealthy swim, amphibious, 8 rings, constrict 8, camouflage
1, agile 1, cold resistance 2, dopey 1
a: End Transformation, Potion Petition, Call Merchant, Bribe Branch, Renounce
Religion, Evoke Invisibility


You were on level 14 of the Dungeon.
You worshipped Gozag.
Gozag was aware of your devotion.
You were not hungry.
You were a stone statue.
You visited 4 branches of the dungeon, and saw 23 of its levels.
You also visited: Sewer, Ice Cave and Volcano.

You collected 7347 gold pieces.
You spent 4690 gold pieces at shops.
You paid 2340 gold pieces to Gozag.

Inventory:

Hand Weapons
 a - a +5 war axe of venom
 b - a +0 hunting sling
 I - the cursed +1 mace "Telus" {crush, Fragile rPois Dex+8 SInv}
   (You found it on level 12 of the Dungeon)

   It inflicts extra damage upon your enemies.
   It affects your dexterity (+8).
   It protects you from poison.
   It lets you see invisible.
   It will be destroyed if unequipped.
   It has a curse placed upon it.
Missiles
 e - 174 sling bullets
 w - 32 tomahawks (quivered)
 x - 161 stones
 A - 5 javelins of returning
Armour
 z - a +2 hat (worn)
 P - a +0 buckler
Jewellery
 d - a ring of protection from cold (on tentacle)
 m - a ring of protection from fire (on tentacle)
 p - the ring "Huurohue" (on tentacle) {+Inv rElec rN+++ Str+3 Dex-5}
   (You bought it in a shop on level 10 of the Dungeon)

   [ring of strength]

   It affects your strength (+3).
   It affects your dexterity (-5).
   It insulates you from electricity.
   It renders you almost immune to negative energy.
   It lets you turn invisible.
 s - a +2 ring of slaying
 t - a ring of protection from magic (right tentacle)
 D - a ring of resist corrosion (left tentacle)
 J - an uncursed ring of ice
 K - a ring of stealth (on tentacle)
 L - an uncursed amulet of guardian spirit
 M - a ring of poison resistance (on tentacle)
 N - a +4 amulet of reflection
 R - an amulet of magic regeneration (around mantle)
Wands
 i - a wand of digging (36)
 O - a wand of polymorph (13)
 T - a wand of iceblast (4)
Scrolls
 f - 6 scrolls of amnesia
 g - 8 scrolls of teleportation {@r4}
 h - 3 scrolls of vulnerability {!r}
 n - 4 scrolls of fog
 u - 6 scrolls of remove curse {@r2}
 y - a scroll of silence
 H - a scroll of identify {@r1}
 S - a scroll of torment {!r}
 U - 2 scrolls of holy word
Potions
 j - 8 potions of might
 k - 2 potions of haste {@q3}
 l - 6 potions of curing {@q1}
 o - 5 potions of brilliance
 q - 4 potions of mutation {!q}
 v - a potion of flight
 B - a potion of berserk rage
 E - a potion of ambrosia
 V - 2 potions of resistance
 W - 2 potions of agility
Books
 r - a book of Transfigurations

   Spells                             Type                      Level
   a - Irradiate                      Conjuration/Transmutation    5
   b - Statue Form                    Transmutation/Earth          6
   c - Hydra Form                     Transmutation                6
   d - Dragon Form                    Transmutation                7
 C - a book of Dreams

   Spells                             Type                      Level
   a - Ensorcelled Hibernation        Hexes/Ice                    2
   b - Borgnjor's Vile Clutch         Necromancy/Earth             5
   c - Silence                        Hexes/Air                    5
   d - Darkness                       Hexes                        6
   e - Shadow Creatures               Summoning                    6
 F - a book of Battle

   Spells                             Type                      Level
   a - Infusion                       Charms                       1
   b - Shroud of Golubria             Charms/Translocation         2
   c - Song of Slaying                Charms                       2
   d - Spectral Weapon                Hexes/Charms                 3
   e - Regeneration                   Charms/Necromancy            3
 G - a book of Changes

   Spells                             Type                      Level
   a - Beastly Appendage              Transmutation                1
   b - Sticks to Snakes               Transmutation                2
   c - Spider Form                    Transmutation/Poison         3
   d - Ice Form                       Ice/Transmutation            4
   e - Blade Hands                    Transmutation                5
Comestibles
 c - 15 rations


   Skills:
 - Level 11.4 Fighting
 + Level 7.4 Dodging
 - Level 3.0 Stealth
 + Level 2.5 Shields
 - Level 4.0 Unarmed Combat
 - Level 8.9 Spellcasting
 - Level 10.1 Conjurations
   Level 4.6 Hexes
 - Level 2.0 Charms
 - Level 3.0 Necromancy
 + Level 8.2 Transmutations
 - Level 2.0 Air Magic
 - Level 14.0 Earth Magic
 - Level 7.1 Evocations


You had 3 spell levels left.
You knew the following spells:

 Your Spells              Type           Power        Failure   Level  Hunger
b - Stone Arrow           Conj/Erth      ######       1%          3    None
c - Lee's Rapid Deconstr  Erth           ######....   1%          5    #####..
d - Petrify               Tmut/Erth      ######..     1%          4    ##.....
f - Statue Form           Tmut/Erth      ######...    11%         6    ######.
g - Borgnjor's Vile Clut  Necr/Erth      #####.....   5%          5    #####..
R - Regeneration          Chrm/Necr      ###.......   7%          3    None
S - Swiftness             Chrm/Air       ###.....     4%          2    None


Dungeon Overview and Level Annotations

Branches:
Dungeon (14/15)            Temple (1/1) D:5            Lair (6/6) D:10
  Swamp (0/4) Lair:3        Snake (0/4) Lair:3        Slime (0/5) Lair:5
    Orc (2/2) D:12            Elf (0/3) Orc:2
 Vaults: D:13-14

Altars:
Ashenzari
Cheibriados
Dithmenos
Elyvilon
Fedhas
Gozag
Hepliaklqana
Kikubaaqudgha
Makhleb
Nemelex Xobeh
Okawaru
Qazlal
Ru
Sif Muna
Trog
Uskayaw
Vehumet
Wu Jian
Xom
Yredelemnul
Zin
The Shining One
Beogh

Shops:
D:10 *:   D:12 =*   D:13 ?   D:14 [   Orc:2 [([?(

Annotations:
D:3 2 exclusions
D:6 Sigmund
D:7 exclusion: centaur
Lair:5 exclusion: oklob plant


Innate Abilities, Weirdness & Mutations

You cannot wear most types of armour.
You are very stealthy in the water. (Stealth+)
You are amphibious.
You can wear up to eight rings at the same time.
You can use your tentacles to constrict eight enemies at once.
Your skin changes colour to match your surroundings (Stealth+).
((Your rubbery body absorbs attacks. (AC +1, EV +1)))
You are agile. (Dex +2)
Your flesh is very cold resistant. (rC++)
You are dopey. (Int -2)


Message History

* * * LOW HITPOINT WARNING * * *
You take 34 damage, and have 5/139 hp.
MASSIVE DAMAGE!!
MP restored: 27 You feel better.
You constrict the orc knight, but do no damage.
The orc knight hits you but does no damage.
You regained 9 hp, and now have 14/139 hp.
You feel better.
You constrict the orc knight.
The orc knight hits you but does no damage.
The orc knight hits you with a broad axe of pain!
* * * LOW HITPOINT WARNING * * *
The deep elf archer blinks!
You regained 2 hp, and now have 16/139 hp.
Aim: an orc knight, wielding a broad axe of pain and wearing a plate armour (severely wounded, constricted by you, chance to defeat MR: 59%)
The orc knight is moving more slowly.
You constrict the orc knight.
The orc knight hits you with a broad axe of pain!
* * * LOW HITPOINT WARNING * * *
The orc knight hits you with a broad axe of pain.
You die...
Your body crumbles into a pile of gold.

#..## #.### ##)#####
##'##### #.((...#####
#....... ###..........#
#.......
.......e..###.###.......
#.###......#
#..##.)..... #......#
##..'..).... ####o###
####...)).. #8# #####)##
#..# #... #####'####
#########' #........#
#......... #........#
#.........
##..###.........
#).'.#......... #
#[.#.#......... #.
#()#.#.........


You could see an orc knight (petrifying) and a deep elf archer.

Vanquished Creatures
  A fire dragon (Lair:6)
  The ghost of Killswitch the Geomancer, a journeyman GrEE of Vehumet (Orc:2)
  6 hydras
  3 vault guards (D:14)
  2 ice dragons (IceCv)
  A catoblepas (Lair:5)
  3 centaur warriors
  5 two-headed ogres
  A death yak (Lair:6)
  2 skeletal warriors (D:14)
  2 unseen horrors (D:14)
  A wizard (D:14)
  A swamp dragon (Lair:6)
  2 phantasmal warriors
  A deep elf mage (D:14)
  Pikel (D:5)
  4 orc knights
  2 wolf spiders (Lair:3)
  6 orc sorcerers
  The ghost of theEndsummarily the Sneak, a novice OpTm of Cheibriados (D:6)
  8 ugly things
  A guardian serpent (shapeshifter) (D:14)
  2 ice statues (IceCv)
  A manticore (D:13)
  5 elephants
  6 black mambas
  Joseph (D:7)
  A gargoyle (D:13)
  8 spiny frogs
  A centaur skeleton (D:14)
  10 komodo dragons
  2 kobold demonologists
  An efreet (Volcano)
  4 rime drakes
  A yaktaur (D:14)
  5 trolls
  3 meliai (D:13)
  A polar bear (Lair:4)
  A hornet (D:14)
  The ghost of bumaa the Shield-Bearer, an amateur OpFi (D:3)
  9 hippogriffs
  16 blink frogs
  12 yaks
  Eustachio (D:4)
  A wraith (D:11)
  3 wyverns
  A shadow (D:14)
  5 basilisks
  A hungry ghost (D:14)
  4 fire elementals
  A human (D:14)
  Menkaure (D:7)
  A redback simulacrum (D:14)
  2 steam dragons
  2 acid dragons (Lair:6)
  A warg (Orc:2)
  2 soldier ants
  22 water moccasins
  8 porcupines
  3 swamp drakes (Lair:6)
  21 ice beasts
  46 orc warriors
  4 sky beasts
  3 eyes of draining
  5 black bears
  3 phantoms
  8 necrophages
  8 wolves
  8 ogres
  22 centaurs
  14 crocodiles
  24 bullfrogs
  3 big kobolds
  Blork the orc (D:5)
  A wyvern zombie (D:9)
  2 scorpions (D:12)
  4 howler monkeys
  4 wights
  3 electric eels
  5 crimson imps
  14 hounds
  2 bullfrog zombies
  3 quasits
  4 bullfrog skeletons
  A centaur zombie (D:11)
  3 jellies
  17 orc priests
  16 orc wizards
  4 iguanas
  A statue (D:9)
  9 worker ants
  3 hound zombies
  2 hound skeletons
  A howler monkey zombie (D:6)
  A worker ant zombie (D:8)
  42 adders
  9 gnolls
  9 river rats
  4 shadow imps
  An ooze (D:7)
  An adder skeleton (D:9)
  7 worms
  2 dart slugs
  9 leopard geckos
  82 orcs
  7 ball pythons
  5 giant cockroaches
  4 goblins
  6 hobgoblins
  11 jackals
  15 kobolds
  3 quokkas
  3 bats
  6 frilled lizards
  A quokka zombie (D:8)
  29 rats
  3 plants
734 creatures vanquished.

Vanquished Creatures (others)
  A rime drake (Orc:2)
  A centaur (Orc:2)
  2 gnolls (D:3)
  An orc (Orc:2)
  A kobold (D:3)
  32 fungi
  58 plants
96 creatures vanquished.

Grand Total: 830 creatures vanquished

Notes
Turn   | Place    | Note
-------+----------+-------------------------------------------
     0 | D:1      | pomescollege the Octopode Earth Elementalist began the quest for the Orb.
     0 | D:1      | Reached XP level 1. HP: 11/11 MP: 3/3
   346 | D:1      | Reached XP level 2. HP: 17/17 MP: 3/5
   897 | D:2      | Reached XP level 3. HP: 16/21 MP: 3/6
  1140 | D:2      | Found a stormy altar of Qazlal.
  1142 | D:2      | Noticed a water elemental
  1143 | D:2      | Noticed an air elemental
  1143 | D:2      | Noticed a fire elemental
  1143 | D:2      | Noticed an earth elemental
  1172 | D:2      | Found a shadowy altar of Dithmenos.
  1268 | D:2      | Reached XP level 4. HP: 27/27 MP: 3/8
  1284 | D:2      | Found a hazy altar of Hepliaklqana.
  1307 | D:2      | Reached skill level 4 in Earth Magic
  1545 | D:2      | Found a faded altar of an unknown god.
  1737 | D:3      | Noticed bumaa's ghost (amateur OpFi)
  1753 | D:3      | Killed bumaa's ghost
  1753 | D:3      | Reached skill level 6 in Earth Magic
  1753 | D:3      | Reached XP level 5. HP: 15/31 MP: 0/9
  1753 | D:3      | Reached XP level 6. HP: 18/36 MP: 0/10
  2172 | D:3      | Reached skill level 1 in Unarmed Combat
  2194 | D:3      | Reached skill level 1 in Fighting
  2199 | D:3      | Found a glowing drain.
  2203 | Sewer    | Entered a sewer
  2607 | Sewer    | Reached XP level 7. HP: 43/43 MP: 7/11
  3582 | D:3      | Learned a level 3 spell: Stone Arrow
  3588 | D:3      | Learned a level 5 spell: Lee's Rapid Deconstruction
  3921 | D:3      | Found a burning altar of Makhleb.
  4197 | D:4      | Reached skill level 7 in Earth Magic
  4261 | D:4      | Noticed Eustachio
  4263 | D:4      | Reached skill level 1 in Conjurations
  4440 | D:4      | Killed Eustachio
  4440 | D:4      | Reached XP level 8. HP: 50/50 MP: 3/12
  4607 | D:4      | Reached skill level 1 in Evocations
  4981 | D:4      | Reached skill level 8 in Earth Magic
  5144 | D:5      | Entered Level 5 of the Dungeon
  5441 | D:5      | Noticed a two-headed ogre
  5529 | D:5      | Killed a two-headed ogre
  5529 | D:5      | Reached skill level 9 in Earth Magic
  5529 | D:5      | Reached XP level 9. HP: 54/54 MP: 2/13
  5860 | D:5      | Found a staircase to the Ecumenical Temple.
  5932 | D:5      | Noticed Pikel
  6006 | Temple   | Entered the Ecumenical Temple
  6107 | D:5      | Noticed Blork the orc
  6113 | D:5      | Killed Blork the orc
  6113 | D:5      | Reached skill level 10 in Earth Magic
  6209 | D:5      | Killed Pikel
  6856 | D:6      | Noticed Sigmund
  6880 | D:6      | Noticed theEndsummarily's ghost (novice OpTm)
  6914 | D:6      | Killed theEndsummarily's ghost
  6914 | D:6      | Reached XP level 10. HP: 57/65 MP: 2/14
  7000 | D:6      | Reached skill level 5 in Conjurations
  7854 | D:7      | Noticed Menkaure
  7877 | D:7      | Killed Menkaure
  8096 | D:7      | Found an opulent altar of Gozag.
  8096 | D:7      | Found a sacrificial altar of Ru.
  8097 | D:7      | Noticed Joseph
  8334 | D:7      | Killed Joseph
  8632 | D:7      | Became a worshipper of Gozag Ym Sagoz the Greedy
  9056 | D:8      | Noticed a two-headed ogre
  9063 | D:8      | Killed a two-headed ogre
  9063 | D:8      | Reached skill level 5 in Spellcasting
  9085 | D:8      | Reached skill level 11 in Earth Magic
  9321 | D:8      | Learned a level 4 spell: Petrify
  9427 | D:8      | Found a bloodstained altar of Trog.
  9465 | D:8      | Learned a level 5 spell: Yara's Violent Unravelling
  9541 | D:8      | Found an ancient bone altar of Kikubaaqudgha.
  9686 | D:8      | Reached skill level 1 in Hexes
  9689 | D:8      | Reached XP level 11. HP: 70/70 MP: 10/18
  9800 | D:8      | Noticed a two-headed ogre
  9806 | D:8      | Killed a two-headed ogre
 10442 | D:8      | Gained mutation: Your flesh is cold resistant. (rC+) [potion of mutation]
 10442 | D:8      | Gained mutation: You are dopey. (Int -2) [potion of mutation]
 10442 | D:8      | Gained mutation: Your flesh is very cold resistant. (rC++) [potion of mutation]
 10442 | D:8      | Gained mutation: You are agile. (Dex +2) [potion of mutation]
 10728 | D:9      | Noticed a two-headed ogre
 10749 | D:9      | Killed a two-headed ogre
 10807 | D:9      | Learned a level 2 spell: Passwall
 10961 | D:9      | Reached skill level 12 in Earth Magic
 11000 | D:9      | Found a glowing golden altar of the Shining One.
 11631 | D:9      | Found a radiant altar of Vehumet.
 11823 | D:10     | Entered Level 10 of the Dungeon
 11823 | D:10     | Found a staircase to the Lair.
 11829 | Lair:1   | Entered Level 1 of the Lair of Beasts
 12786 | D:10     | Reached skill level 13 in Earth Magic
 14149 | Lair:1   | Reached XP level 12. HP: 71/75 MP: 1/19
 14904 | Lair:2   | Noticed a seven-headed hydra
 14938 | Lair:2   | Reached skill level 14 in Earth Magic
 15070 | Lair:2   | Noticed a five-headed hydra
 15246 | Lair:2   | Killed a five-headed hydra
 16844 | Lair:2   | Killed a seven-headed hydra
 17546 | Lair:3   | Learned a level 2 spell: Swiftness
 17613 | Lair:3   | Found a staircase to the Snake Pit.
 17753 | Lair:3   | Noticed a five-headed hydra
 17769 | Lair:3   | Killed a five-headed hydra
 18200 | Lair:3   | Found a staircase to the Swamp.
 18605 | Lair:2   | Reached XP level 13. HP: 78/81 MP: 22/25
 19572 | Lair:3   | Reached skill level 10 in Conjurations
 19936 | Lair:4   | Reached skill level 1 in Charms
 19936 | Lair:4   | Reached skill level 1 in Air Magic
 19941 | Lair:4   | Reached skill level 5 in Fighting
 19967 | Lair:4   | Found a dark tunnel.
 19976 | Volcano  | Entered a volcano
 20432 | Lair:4   | Found a shimmering altar of Xom.
 21422 | Lair:5   | Found a staircase to the Slime Pits.
 22616 | Lair:6   | Entered Level 6 of the Lair of Beasts
 23504 | Lair:6   | Reached skill level 5 in Evocations
 23803 | Lair:6   | Noticed a fire dragon
 23976 | Lair:6   | Found the +10 Black Knight's horse barding {ponderous, rPois rN+}
 23998 | Lair:6   | Killed a fire dragon
 24918 | D:11     | Reached XP level 14. HP: 89/97 MP: 16/26
 25404 | D:10     | Bought a scroll of identify for 68 gold pieces
 25404 | D:10     | Bought a scroll labeled ASID PEZYALASM for 34 gold pieces
 25404 | D:10     | Bought a scroll labeled CAMAEK ZOSOA for 34 gold pieces
 25404 | D:10     | Bought a wavering bone ring for 170 gold pieces
 25404 | D:10     | Bought a purple potion for 30 gold pieces
 25404 | D:10     | Identified the ring "Huurohue" {+Inv rElec rN+++ Str+3 Dex-5} (You bought it in a shop on level 10 of the Dungeon)
 25409 | D:10     | Bought a book of Dreams for 1125 gold pieces
 25410 | D:10     | Bought a papyrus book for 510 gold pieces
 25416 | D:10     | Learned a level 5 spell: Borgnjor's Vile Clutch
 25443 | D:11     | Found a roughly hewn altar of Beogh.
 25451 | D:11     | Reached skill level 1 in Necromancy
 26327 | D:11     | Reached skill level 10 in Fighting
 26799 | D:12     | Got a jewelled mace
 26801 | D:12     | Identified the cursed +1 mace "Telus" {crush, Fragile rPois Dex+8 SInv} (You found it on level 12 of the Dungeon)
 26931 | D:12     | Found a staircase to the Orcish Mines.
 27120 | D:12     | Found Qukk's Changing Room.
 27212 | D:12     | Found Wuijogg's Jewellery Shoppe.
 27433 | Orc:1    | Entered Level 1 of the Orcish Mines
 28033 | Orc:1    | You fall through a shaft!
 28033 | Orc:2    | Entered Level 2 of the Orcish Mines
 28064 | Orc:2    | Found a staircase to the Elven Halls.
 28085 | Orc:2    | Found Ycacril's Antique Armour Emporium.
 28404 | Orc:2    | Found a frozen archway.
 28410 | IceCv    | Entered an ice cave
 29953 | Orc:2    | Noticed Killswitch's ghost (journeyman GrEE)
 30418 | D:12     | Bought a book of Transfigurations for 825 gold pieces
 30804 | Orc:2    | Found Xoucad's Antique Armour Shop.
 30804 | Orc:2    | Found Wyneitel's Magic Scroll Shoppe.
 30804 | Orc:2    | Found Seoclod's Antique Weapon Emporium.
 30816 | Orc:2    | Found Qysaxta's Antique Weapon Boutique.
 30833 | Orc:2    | Bought a scroll of silence for 135 gold pieces
 32642 | Orc:2    | Reached skill level 5 in Transmutations
 33271 | Orc:2    | Killed Killswitch's ghost
 33938 | Orc:1    | Bought a ration for 60 gold pieces
 33938 | Orc:1    | Bought a ration for 60 gold pieces
 33938 | Orc:1    | Bought a ration for 60 gold pieces
 33938 | Orc:1    | Bought a ration for 60 gold pieces
 33938 | Orc:1    | Bought a ration for 60 gold pieces
 33938 | Orc:1    | Bought a ration for 60 gold pieces
 33938 | Orc:1    | Bought a ration for 60 gold pieces
 33938 | Orc:1    | Bought a ration for 60 gold pieces
 33938 | Orc:1    | Bought a ration for 60 gold pieces
 33938 | Orc:1    | Bought a ration for 60 gold pieces
 33938 | Orc:1    | Bought a ration for 60 gold pieces
 33938 | Orc:1    | Bought a ration for 60 gold pieces
 33938 | Orc:1    | Bought a ration for 60 gold pieces
 34191 | D:12     | Bought an uncursed ring of protection from fire for 275 gold pieces
 34218 | D:13     | Found Pook's Magic Scroll Boutique.
 34547 | D:13     | Bought a scroll of fog for 28 gold pieces
 35285 | D:13     | Reached skill level 5 in Dodging
 35474 | D:14     | Reached XP level 15. HP: 63/107 MP: 3/27
 35775 | D:13     | Learned a level 6 spell: Statue Form
 36516 | D:10     | Bought a book of Battle for 600 gold pieces
 36523 | D:10     | Learned a level 3 spell: Regeneration
 37242 | D:14     | Found Puil's Armour Emporium.
 37252 | D:14     | Bought a +0 buckler for 76 gold pieces
 37403 | D:14     | Reached skill level 1 in Shields
 37655 | D:14     | HP: 5/139 [orc knight/broad axe of pain (15)]
 37658 | D:14     | Slain by an orc knight

Skill      XL: |  1  2  3  4  5  6  7  8  9 10 11 12 13 14 15 |
---------------+----------------------------------------------+-----
Stealth        | 3 |  3.0
Spellcasting   | 3 5 8 |  8.9
Earth Magic    | 6 7 9 10 11 13 14 | 14.0
Unarmed Combat | 1 3 4 |  4.0
Fighting       | 1 2 4 9 11 | 11.4
Dodging        | 3 4 5 7 |  7.4
Conjurations   | 1 2 4 6 9 10 | 10.1
Evocations     | 4 6 7 |  7.1
Hexes          | 1 4 |  4.6
Transmutations | 2 3 6 8 |  8.2
Charms         | 2 |  2.0
Air Magic      | 2 |  2.0
Necromancy     | 3 |  3.0
Shields        | 2 |  2.5

Action                   |  1- 3 |  4- 6 |  7- 9 | 10-12 | 13-15 || total
-------------------------+-------+-------+-------+-------+-------++-------
Melee: Unarmed           |    22 |     5 |    35 |       |    58 ||   120
       Constrict         |     7 |     1 |    17 |    19 |    26 ||    70
       Tentacles         |     5 |     1 |    11 |    22 |    14 ||    53
       War axe           |       |       |    18 |   114 |    62 ||   194
       Punch             |       |       |     1 |     4 |     7 ||    12
 Fire: Hunting sling     |       |       |       |    32 |       ||    32
Throw: Stone             |       |     1 |     2 |       |       ||     3
       Tomahawk          |       |       |       |     4 |     2 ||     6
 Cast: Sandblast         |    32 |    78 |   110 |   236 |   305 ||   761
       Stone Arrow       |       |       |    34 |    90 |   317 ||   441
       Lee's Rapid Decon |       |       |       |    34 |    67 ||   101
       Petrify           |       |       |       |    42 |    51 ||    93
       Swiftness         |       |       |       |       |     2 ||     2
       Borgnjor's Vile C |       |       |       |       |    42 ||    42
       Statue Form       |       |       |       |       |     5 ||     5
       Regeneration      |       |       |       |       |     3 ||     3
Invok: Call Merchant     |       |       |       |       |     3 ||     3
       Potion Petition   |       |       |       |       |     1 ||     1
Evoke: Wand              |       |       |    22 |    35 |    81 ||   138
       Sack of spiders   |       |       |       |       |     2 ||     2
  Use: Scroll            |       |     5 |     7 |    15 |    26 ||    53
       Potion            |       |       |     1 |    12 |    16 ||    29
 Stab: Sleeping          |     3 |       |       |     2 |     1 ||     6
       Petrified         |       |       |       |    14 |     8 ||    22
       Distracted        |       |       |       |     3 |       ||     3
  Eat: Chunk             |     1 |     4 |    13 |     6 |       ||    24
       Ration            |       |       |     1 |    15 |    27 ||    43
Armor: Skin              |     1 |     2 |     4 |    21 |   101 ||   129
Dodge: Dodged            |    19 |    18 |    59 |   204 |   331 ||   631
Block: Other             |       |       |       |       |    10 ||    10
       Reflection        |       |       |       |       |     4 ||     4
